 Dungeon Crawl Stone Soup version 0.19.1 (webtiles) character file.

86 Haldmier the Ruffian (level 4, 0/38 HPs)
             Began as a Naga Transmuter on Dec 6, 2016.
             Slain by a worm (1 damage)
             ... on level 2 of the Dungeon.
             The game lasted 00:06:47 (1938 turns).

Haldmier the Ruffian (Naga Transmuter)              Turns: 1938, Time: 00:06:47

Health: 0/38       AC:  2    Str: 13    XL:     4   Next: 50%
Magic:  7/7        EV: 10    Int: 13    God:
Gold:   157        SH:  0    Dex: 12    Spells: 3 memorised, 1 level left

rFire  . . .     SeeInvis +       - Unarmed
rCold  . . .     Gourm    .     b - +0 robe
rNeg   . . .     Faith    .     (no shield)
rPois  +         Spirit   .     (no helmet)
rElec  .         Reflect  .     (no cloak)
rCorr  .         Harm     .     (no gloves)
MR     .....                    (no barding)
Stlth  +.........               (no amulet)
                                (no ring)
                                (no ring)

@: appendage (expiring), very slow
A: horns 2, see invisible, deformed body, poison resistance, slowness 2, slow
metabolism 1, spit poison 1, AC +1
a: Spit Poison, End Transformation


You were on level 2 of the Dungeon.
You were not hungry.
You had grown temporary horns.
You visited 1 branch of the dungeon, and saw 2 of its levels.

You collected 157 gold pieces.

Inventory:

Hand Weapons
 g - a +0 hunting sling
Missiles
 a - 45 arrows
 f - 12 tomahawks (quivered)
 j - 58 stones
Armour
 b - a +0 robe (worn)
Scrolls
 e - a scroll of fear {unknown}
 i - a scroll of enchant armour {unknown}
 k - a scroll of identify {unknown}
 l - a scroll of amnesia {unknown}
Potions
 h - a potion of haste {unknown}
Books
 c - a book of Changes

   Spells                             Type                      Level
   a - Beastly Appendage              Transmutation                1
   b - Sticks to Snakes               Transmutation                2
   c - Spider Form                    Transmutation/Poison         3
   d - Ice Form                       Ice/Transmutation            4
   e - Blade Hands                    Transmutation                5
 n - a book of Minor Magic

   Spells                             Type                      Level
   a - Magic Dart                     Conjuration                  1
   b - Blink                          Translocation                2
   c - Call Imp                       Summoning                    2
   d - Repel Missiles                 Charms/Air                   2
   e - Slow                           Hexes                        2
   f - Conjure Flame                  Conjuration/Fire             3
   g - Mephitic Cloud                 Conjuration/Poison/Air       3
Comestibles
 d - 2 bread rations
 m - 3 fruits


   Skills:
 - Level 1.0 Fighting
 - Level 1.5 Dodging
 + Level 4.3 Unarmed Combat
 - Level 2.0 Spellcasting
 + Level 3.3 Transmutations


You had one spell level left.
You knew the following spells:

 Your Spells              Type           Power        Failure   Level  Hunger
a - Beastly Appendage     Tmut           #.....       10%         1    ##.....
b - Sticks to Snakes      Tmut           #.......     12%         2    ###....
c - Spider Form           Tmut/Pois      #.........   38%         3    ####...


Dungeon Overview and Level Annotations

Branches:
Dungeon (2/15)

Altars:
Hepliaklqana


Innate Abilities, Weirdness & Mutations

You cannot wear boots.
Your serpentine skin is tough. (AC +1)
You have supernaturally acute eyesight. (SInv)
Armour fits poorly on your strangely shaped body.
Your system is resistant to poisons. (rPois)
You cover ground very slowly.
You have a slow metabolism.
You can spit poison.
You have a pair of horns on your head.


Message History

You take 15 damage, and have 11/38 hp.
MASSIVE DAMAGE!!
You hit the gnoll but do no damage. You headbutt the gnoll!
You kill the gnoll!
The gnoll hits you.
* * * LOW HITPOINT WARNING * * *
You take 6 damage, and have 5/38 hp.
MP restored: 7 You hit the gnoll.
The gnoll is lightly wounded.
You hit the gnoll but do no damage.
The gnoll is lightly wounded.
The gnoll hits you.
* * * LOW HITPOINT WARNING * * *
You take 4 damage, and have 1/38 hp.
You barely miss the gnoll.
The gnoll is lightly wounded.
The gnoll hits you.
* * * LOW HITPOINT WARNING * * *
The worm bites you.
You die...

.......# ##........g..
.......# ##............
.......###.............
.......#....##.....#..
.........######(.###
.......##### #..#
...........####(g#
###.#.####.#..†gw#
###.#.#......###@#
.##.....##.### #.#
.#...#####.# ###.#
..<.## #.###...# .##.#
#.##..### .##.#
##....##
.##.#####...###
.......##...# ###
..........### #.##


You could see a worm and 2 gnolls.

Vanquished Creatures
  An adder (D:2)
  2 gnolls (D:2)
  2 oozes (D:1)
  A worm (D:2)
  A dart slug (D:2)
  A leopard gecko (D:2)
  2 giant cockroaches
  2 goblins
  3 hobgoblins
  4 jackals (D:2)
  A quokka (D:2)
  11 bats
  A frilled lizard (D:1)
  5 kobolds
  11 rats
48 creatures vanquished.

Notes
Turn   | Place    | Note
-------+----------+-------------------------------------------
     0 | D:1      | Haldmier the Naga Transmuter began the quest for the Orb.
     0 | D:1      | Reached XP level 1. HP: 18/18 MP: 3/3
    51 | D:1      | Reached XP level 2. HP: 25/25 MP: 3/5
  1071 | D:1      | Reached XP level 3. HP: 30/31 MP: 6/6
  1133 | D:1      | Learned a level 2 spell: Sticks to Snakes
  1137 | D:1      | Learned a level 3 spell: Spider Form
  1376 | D:2      | Found a hazy altar of Hepliaklqana.
  1429 | D:2      | Reached skill level 4 in Unarmed Combat
  1493 | D:2      | Reached XP level 4. HP: 15/38 MP: 5/7
  1937 | D:2      | HP: 1/38 [gnoll (4)]
  1938 | D:2      | Slain by a worm

Skill      XL: |  1  2  3 |
---------------+----------+-----
Transmutations | 3 |  3.3
Unarmed Combat | 4 |  4.3
Fighting       | |  1.0
Dodging        | |  1.5
Spellcasting   | |  2.0

Action                   |  1- 3 |  4- 6 || total
-------------------------+-------+-------++-------
Melee: Unarmed           |   153 |    26 ||   179
       Headbutt          |     8 |     6 ||    14
       Punch             |     1 |       ||     1
 Cast: Beastly Appendage |    16 |     6 ||    22
 Abil: Spit Poison       |     1 |     1 ||     2
 Stab: Sleeping          |     1 |       ||     1
  Eat: Chunk             |     1 |     2 ||     3
Armor: Robe              |    48 |     8 ||    56
Dodge: Dodged            |   123 |    16 ||   139
